 Dungeon Crawl Stone Soup version 0.28.0-53-g5a82cb258f (webtiles) character file.

Game seed: 7440555881978396135

56 clackabat the Chopper (level 3, -9/33 HPs)
             Began as a Minotaur Fighter on July 17, 2022.
             Killed by divine providence
             ... invoked by an orc priest
              (13 damage)
             ... on level 3 of the Dungeon.
             The game lasted 00:05:04 (2206 turns).

clackabat the Chopper (Minotaur Fighter)            Turns: 2206, Time: 00:05:05

Health: -9/33      AC:  6    Str: 20    XL:     3   Next: 69%
Magic:  2/2        EV:  9    Int:  7    God:
Gold:   72         SH:  9    Dex:  9    Spells: 2/2 levels left

rFire   . . .      SeeInvis .   a - +0 war axe
rCold   . . .      Faith    .   c - +0 buckler
rNeg    . . .      Spirit   .   b - +0 scale mail
rPois   .          Reflect  +   (helmet restricted)
rElec   .          Harm     .   (no cloak)
rCorr   .          Rampage  .   (no gloves)
Will    .....                   (no boots)
Stlth   ..........              k - amulet of reflection
HPRegen 0.11/turn               (no ring)
MPRegen 0.08/turn               (no ring)

@: no status effects
A: horns 2, retaliatory headbutt
a: no special abilities


You were on level 3 of the Dungeon.
You visited 1 branch of the dungeon, and saw 3 of its levels.

You collected 72 gold pieces.

Inventory:

Hand Weapons
 a - a +0 war axe (weapon)
Missiles
 j - 3 poisoned darts (quivered)
Armour
 b - a +0 scale mail (worn)
 c - a +0 buckler (worn)
Jewellery
 h - a +6 ring of intelligence
 k - an amulet of reflection (around neck)
Scrolls
 i - a scroll of immolation {unknown}
 l - 2 scrolls of fog {unknown}
 o - a scroll of enchant armour {unknown}
 q - a scroll of identify {unknown}
 r - a scroll of teleportation {unknown}
Potions
 d - a potion of might
 e - a potion of haste {unknown}
 f - a potion of mutation {unknown}
 g - 2 potions of cancellation {unknown}
 m - a potion of magic {unknown}
 n - a potion of curing {unknown}
 p - a potion of heal wounds {unknown}


   Skills:
 - Level 4.2 Fighting
 * Level 4.3 Axes
 - Level 3.6 Armour
 + Level 3.7 Shields


You had 2 spell levels left.
You didn't know any spells.
Your spell library was empty.

Dungeon Overview and Level Annotations

Branches:
Dungeon (3/15)

Altars:

Shops:
D:2 *


Innate Abilities, Weirdness & Mutations

You have a pair of horns on your head.
You reflexively headbutt those who attack you in melee.


Message History

You hear a shout!
There is a huge open gate here.
The orc shouts!
You slash the goblin!
You kill the goblin!
An orc comes into view. It is wielding a +0 club.
The orc throws a boomerang.
The boomerang hits you but does no damage.
Things that are here:
a +0 dagger; a goblin corpse You block the orc's attack.
A rat comes into view.
You slash the orc!
You kill the orc!
You hit the orc priest.
You headbutt the orc priest, but do no damage.
The orc priest is moderately wounded.
The orc priest closely misses you.
The orc priest hits you with a +0 dagger.
You barely miss the orc priest. Your headbutt misses the orc priest.
The orc priest is moderately wounded.
You hit the orc but do no damage. The orc hits you but does no damage.
The orc priest closely misses you. You furiously retaliate!
You headbutt the orc priest, but do no damage.
You hit the orc priest. Your headbutt misses the orc priest.
The orc priest is heavily wounded.
You hit the orc. The orc hits you with a +0 flail.
The orc priest invokes the aid of Beogh against you.
You barely resist. You block the orc's attack.
You closely miss the orc priest. Your headbutt misses the orc priest.
The orc priest is heavily wounded.
You closely miss the orc.
The orc priest calls down the wrath of Beogh upon you.
Pain shoots through your body!
* * * LOW HITPOINT WARNING * * *
The orc hits you with a +0 flail.
* * * LOW HITPOINT WARNING * * *
The orc priest calls down the wrath of Beogh upon you.
Beogh smites you!
You die...

#.#.#.#.........
#.#.#.#.........##..
####.#.......##....#...
#......#......# .......
#.....†#.'''''##.......
#........'''''..r.....#
#........''_''..#J....#
#........'''''.ooo.#
####.###.''''')@#
#.###.#......#
#.....#.#....#
#######.#.#### #.#.#
#.#.# #.#.# #.#.# #.#.#


You could see an orc priest, 2 orcs, an endoplasm and a rat.

Vanquished Creatures
  An adder (D:2)
  A worm (D:3)
  A dart slug (D:1)
  An orc (D:3)
  2 bats
  2 endoplasms
  3 giant cockroaches
  5 goblins
  6 hobgoblins (D:1)
  2 quokkas
  A ball python (D:1)
  4 frilled lizards (D:1)
  5 kobolds
  3 rats (D:1)
37 creatures vanquished.

Notes
Turn   | Place    | Note
-------+----------+-------------------------------------------
     0 | D:1      | clackabat the Minotaur Fighter began the quest for the Orb.
     0 | D:1      | Reached XP level 1. HP: 19/19 MP: 0/0
   237 | D:1      | Reached XP level 2. HP: 26/27 MP: 1/1
  1251 | D:2      | Reached XP level 3. HP: 33/33 MP: 2/2
  1444 | D:2      | Found Oshrorip's General Store.
  2181 | D:3      | Found a faded altar of an unknown god.
  2206 | D:3      | Killed from afar by an orc priest

Illustrated notes

Levels and vault maps discovered:
D:1:      mrwooster_arrival_statue, layout_loops_corners
D:2:      layout_basic, serial_shops, shop_fountains
D:3:      layout_basic, mainiacjoe_overflow_tiny_flanked,
          hellmonk_ecumenical_altar_heavens_door

Skill      XL: |  1  2  3 |
---------------+----------+-----
Axes           | 3 4 |  4.3
Fighting       | 4 |  4.2
Armour         | |  3.6
Shields        | |  3.7

Action                   || total
-------------------------++-------
Melee: War axe           ||    87
       Headbutt          ||     6
Armor: Scale mail        ||    32
Dodge: Dodged            ||    33
Block: Buckler           ||    27
